 Dungeon Crawl Stone Soup version 0.31-a0-251-gdc1e01ee57 (webtiles) character file.

Game seed: 13081468650908837154

117 qw the Shooter (level 5, 0/30 HPs)
             Began as a Gargoyle Hexslinger on July 12, 2023.
             Constricted to death by Ijyb (4 damage)
             ... on level 4 of the Dungeon.
             The game lasted 00:00:51 (1846 turns).

qw the Shooter (Gargoyle Hexslinger)                Turns: 1846, Time: 00:00:52

Health: 0/30       AC:  8    Str: 11    XL:     5   Next: 1%
Magic:  6/6        EV:  8    Int: 14    God:
Gold:   138        SH:  0    Dex: 14    Spells: 5/6 levels left

rFire   . . .        Y - +2 sling
rCold   . . .        (no shield)
rNeg    + . .        j - +0 leather armour
rPois   inf          h - +0 helmet
rElec   +            (no cloak)
rCorr   .            (no gloves)
SInv    .            (no boots)
Will    .....        (no amulet)
Stlth   +            (no ring)
HPRegen 0.25/turn    (no ring)
MPRegen 0.10/turn

%: no passive effects
@: about to teleport, grasped by roots, constricted
A: sickness immunity, AC +4, negative energy resistance 1, electricity
resistance, torment resistance 1, petrification resistance
a: no special abilities


You were on level 4 of the Dungeon.
You visited 1 branch of the dungeon, and saw 4 of its levels.

You collected 138 gold pieces.


Innate Abilities, Weirdness & Mutations

You are immune to sickness and miasma.
Your stone body is resilient. (AC +4)
You are immune to poison.
You resist negative energy. (rN+)
You are resistant to electric shocks. (rElec)
You are resistant to unholy torment.
You are immune to petrification.


   Skills:
 - Level 2.1 Fighting
 + Level 4.6 Ranged Weapons
 - Level 1.5 Dodging
 - Level 1.0 Spellcasting
 - Level 2.6 Hexes


You had 5 spell levels left.
You knew the following spells:

 Your Spells              Type           Power      Damage    Failure   Level
a - Slow                  Hex            32%        N/A       12%         1

Your spell library contained the following spells:

 Spells                   Type           Power      Damage    Failure   Level
 Inner Flame              Hex/Fire       4%         N/A       52%         3
 Portal Projectile        Hex/Tloc       8%         N/A       52%         3
 Cause Fear               Hex            4%         N/A       75%         4

Inventory:

Hand Weapons
 Y - a +2 sling (weapon)
Armour
 h - a +0 helmet (worn)
 j - a +0 leather armour (worn)
Scrolls
 a - a scroll of identify
Potions
 f - a potion of curing
 g - a potion of lignification {unknown}
 i - a potion of heal wounds {unknown}

Dungeon Overview and Level Annotations

Branches:
Dungeon (4/15)
 Temple: D:4-7

Altars:

Shops:
D:2 (

Annotations:
D:3 2 runed translucent doors, qw's ghost, amateur GrHs
D:4 Ijyb


Message History

The orc is heavily wounded.
Ijyb the Twisted Goblin comes into view.
She is wielding a +0 dagger and carrying a wand of roots.
You shoot a sling bullet.
The sling bullet closely misses the orc.
The sling bullet closely misses Ijyb.
You hear a shout!
Ijyb zaps a wand.
The roots erupt in riotous growth!
The grasping roots grab you!
The orc is unaffected.
The grasping roots constrict you.
You hear a shout! x2
You shoot a sling bullet. The sling bullet barely misses the orc.
An orc comes into view. It is wielding a +0 dagger.
The orc barely misses you. The grasping roots constrict you.
The orc barely misses you. The grasping roots constrict you!
The grasping roots release their grip on you.
You shoot a sling bullet.
The sling bullet hits the orc but does no damage.
The orc is heavily wounded.
The orc barely misses you. Ijyb misses you.
You shoot a sling bullet. The sling bullet hits the orc.
The orc is almost dead.
You hear a shout!
An orc comes into view. It is wielding a +0 hand axe.
The orc misses you. Ijyb hits you but does no damage.
You shoot a sling bullet. The sling bullet hits the orc!
You kill the orc!
The orc closely misses you.
Ijyb zaps a wand.
The roots erupt in riotous growth!
The grasping roots grab you!
The orc is unaffected.
Ijyb is unaffected.
The grasping roots constrict you!
You hear a shout! x2
You shoot a sling bullet. The sling bullet hits Ijyb.
Ijyb is moderately wounded.
The orc barely misses you. Ijyb hits you with a +0 dagger.
The grasping roots constrict you.
1846 ||| READING scroll of teleportation.
As you read the scroll of teleportation, it crumbles to dust.
You feel strangely unstable. The orc hits you but does no damage.
The orc hits you with a +0 hand axe. Ijyb hits you but does no damage.
The grasping roots constrict you.
You die...

#.........####
#......... ...
#.....<..# ... ##
#........##. .###.
##.......#.###.#.
#.......#...#...#
#.......#...#oog#
#.....<.#...#.@.#
#......[.#.###.#.....#
#........##...## ...##
##........#......###..
.........##...........
..##########....######
. #....# #....# #....#


You could see Ijyb and 2 orcs.

Vanquished Creatures
  Terence (D:2)
  2 adders
  4 worms
  A dart slug (D:3)
  An orc (D:4)
  6 endoplasms
  A giant cockroach (D:1)
  6 goblins
  7 hobgoblins
  2 quokkas
  8 ball pythons
  6 bats
  3 frilled lizards
  6 kobolds
  2 rats (D:1)
56 creatures vanquished.

Notes
Turn   | Place    | Note
-------+----------+-------------------------------------------
     0 | D:1      | qw the Gargoyle Hexslinger began the quest for the Orb.
     0 | D:1      | Reached XP level 1. HP: 12/12 MP: 2/2
     0 | D:1      | 0 ||| qw: Version: 0.3-a-52-g30416fa
     0 | D:1      | 0 ||| qw: Game counter: 6586
     0 | D:1      | 0 ||| qw: Melee chars always use a shield: true
     0 | D:1      | 0 ||| qw: God list: Okawaru
     0 | D:1      | 0 ||| qw: Allow faded altars: false
     0 | D:1      | 0 ||| qw: Do Orc after clearing Dungeon:15 true
     0 | D:1      | 0 ||| qw: Do second Lair branch before Depths: true
     0 | D:1      | 0 ||| qw: Lair rune preference: random
     0 | D:1      | 0 ||| qw: Goals: Normal
     0 | D:1      | 0 ||| PLANNING D:1-11
   237 | D:1      | Reached XP level 2. HP: 16/16 MP: 3/3
   320 | D:1      | Found a faded altar of an unknown god.
   342 | D:1      | Reached skill level 3 in Ranged Weapons
   482 | D:1      | 482 ||| UPGRADING to +0 leather armour.
   492 | D:1      | 492 ||| DROPPING +0 robe.
   493 | D:1      | 493 ||| READING scroll labelled PANASA IKACS.
   494 | D:1      | 494 ||| READING scroll labelled KAZXAF ZUKI.
   495 | D:1      | 495 ||| READING scroll labelled RAH YDURUZE.
   496 | D:1      | 496 ||| DROPPING scroll of poison.
   544 | D:2      | Reached XP level 3. HP: 15/21 MP: 4/4
   575 | D:2      | Identified the +6 spear of Inference {flame, +Blink Will++
                  | Str+4 Dex-5}
   610 | D:2      | Noticed Terence
   629 | D:2      | Killed Terence
   630 | D:2      | Reached XP level 4. HP: 14/26 MP: 5/5
   710 | D:2      | Found Gasy's Antique Weapon Shoppe.
   713 | D:2      | 713 ||| SHOPLISTING glowing sling (126 gold, have 32).
   770 | D:2      | Reached skill level 4 in Ranged Weapons
  1175 | D:2      | 1175 ||| READING 2 scrolls labelled QUDEPEFIAH.
  1176 | D:2      | 1176 ||| READING scroll labelled NEMAFUNWUT.
  1177 | D:2      | 1177 ||| READING scroll labelled DEJ EFUEVUECE.
  1253 | D:3      | Found a large runed translucent door.
  1253 | D:3      | Found a large runed translucent door.
  1737 | D:3      | Noticed qw's ghost (amateur GrHs)
  1802 | D:3      | 1802 ||| UPGRADING to +0 helmet.
  1807 | D:3      | 1807 ||| DROPPING ring of wizardry.
  1808 | D:3      | 1808 ||| READING scroll labelled WESYQE ONNUF.
  1809 | D:3      | 1809 ||| READING scroll labelled WUWUGE REITYZU.
  1810 | D:3      | 1810 ||| DRINKING 2 coppery potions.
  1811 | D:3      | 1811 ||| READING 2 scrolls of identify.
  1811 | D:3      | 1811 ||| IDENTIFYING lumpy blue potion
  1812 | D:3      | 1812 ||| DROPPING potion of invisibility.
  1839 | D:4      | Reached XP level 5. HP: 30/30 MP: 6/6
  1839 | D:4      | Noticed Ijyb
  1845 | D:4      | HP: 6/30 [constriction (5)]
  1846 | D:4      | 1846 ||| READING scroll of teleportation.
  1846 | D:4      | Constricted to death by Ijyb

Levels and vault maps discovered:
D:1:      evilmike_arrival_plus, layout_basic, chequers_ecumenical_altar_island,
          grunt_decor_cap
D:2:      layout_basic, serial_shops, nicolae_shop_behind_doors, uniq_terence
D:3:      layout_basic, ebering_ghost_disaster_area
D:4:      nicolae_cairo_tiling, layout_rooms, gammafunk_ghost_gnarly_gnolls,
          kennysheep_pointless_box, st_stairs_7, chequers_garden, uniq_sigmund,
          uniq_ijyb

Skill      XL: |  1  2  3  4 |
---------------+-------------+-----
Ranged Weapons | 3 4 |  4.6
Fighting       | 2 |  2.1
Dodging        | |  1.5
Spellcasting   | |  1.0
Hexes          | |  2.6

Action                     |  1- 3 |  4- 6 || total
---------------------------+-------+-------++-------
   Fire: Sling             |    89 |   119 ||   208
    Use: Scroll            |     3 |     7 ||    10
         Potion            |       |     1 ||     1
 Armour: Robe              |     4 |       ||     4
         Leather armour    |     7 |    19 ||    26
  Dodge: Dodged            |    34 |    22 ||    56

Table legend:
 A = Non-vault XP
 B = Vault XP
 C = Vault XP percentage of total XP
 D = Non-vault monster count
 E = Vault monster count
 F = Vault count percentage of total count
                 A         B        C        D         E       F
            +---------+---------+-------+---------+---------+-------
      Total |     130 |      38 |  22.6 |      55 |       1 |   1.8
            +---------+---------+-------+---------+---------+-------
        D:1 |      26 |       0 |   0.0 |      19 |       0 |   0.0
        D:2 |      51 |      38 |  42.7 |      18 |       1 |   5.3
        D:3 |      48 |       0 |   0.0 |      16 |       0 |   0.0
        D:4 |       5 |       0 |   0.0 |       2 |       0 |   0.0
            +---------+---------+-------+---------+---------+-------
